 Dungeon Crawl Stone Soup version 0.28.0 (webtiles) character file.

Game seed: 12637606255545594848

4658 a3don the Shield-Bearer (level 10, -2/63 HPs)
             Began as a Gargoyle Fighter on Feb 8, 2022.
             Was a Believer of Zin.
             Slain by a skeletal warrior (15 damage)
             ... led by a skeletal warrior
             ... on level 7 of the Dungeon.
             The game lasted 00:19:43 (9505 turns).

a3don the Shield-Bearer (Gargoyle Fighter)          Turns: 9505, Time: 00:19:44

Health: -2/63      AC: 17    Str: 27    XL:     10   Next: 43%
Magic:  16/17      EV: 10    Int: 11    God:    Zin [**....]
Gold:   218        SH:  5    Dex:  9    Spells: 14/18 levels left

rFire   . . .      SeeInvis .   d - +2 flail (protect)
rCold   . . .      Faith    .   c - +0 buckler
rNeg    + . .      Spirit   .   n - +3 leather armour of Jupla {Str+5}
rPois   ∞          Reflect  .   E - +1 helmet
rElec   +          Harm     .   (no cloak)
rCorr   .          Rampage  .   (no gloves)
Will    +....                   D - +0 pair of boots
Stlth   +.........              (no amulet)
HPRegen 0.20/turn               C - ring of willpower
MPRegen 0.15/turn               (no ring)

@: hasted, very quick
A: sickness immunity, AC +7, negative energy resistance 1, electricity
resistance, torment resistance 1, petrification resistance
a: Renounce Religion, Recite, Vitalisation, Donate Gold


You were on level 7 of the Dungeon.
You worshipped Zin.
Zin was pleased with you.
You visited 2 branches of the dungeon, and saw 9 of its levels.

You collected 433 gold pieces.
You donated 215 gold pieces to Zin.

Inventory:

Hand Weapons
 a - a +0 flail
 d - a +2 flail of protection (weapon)
 r - a +3 flail
 F - a +1 great sword of flaming
Missiles
 A - 20 poisoned darts
 M - 4 boomerangs (quivered)
Armour
 b - a +0 scale mail
 c - a +0 buckler (worn)
 n - the +3 leather armour of Jupla (worn) {Str+5}
   (You found it on level 2 of the Dungeon)

   Str:       It affects your strength (+5).
 B - a +0 tower shield of poison resistance
 D - a +0 pair of boots (worn)
 E - a +1 helmet (worn)
Jewellery
 C - a ring of willpower (left hand)
Wands
 p - a wand of flame (17)
 x - a wand of polymorph (6)
 I - a wand of paralysis (10)
 K - a wand of mindburst (17)
Scrolls
 f - a scroll of blinking {unknown}
 g - 6 scrolls of identify
 h - 5 scrolls of teleportation {unknown}
 k - a scroll of immolation {unknown}
 l - a scroll of amnesia {unknown}
 m - 2 scrolls of enchant weapon {unknown}
 q - a scroll of fear {unknown}
 v - 2 scrolls of magic mapping {unknown}
 y - a scroll of torment {unknown}
 H - a scroll of acquirement {unknown}
Potions
 e - a potion of curing
 i - a potion of flight {unknown}
 j - 3 potions of cancellation
 o - a potion of degeneration {unknown}
 s - 3 potions of mutation {unknown}
 t - a potion of resistance {unknown}
 u - 2 potions of heal wounds {unknown}
 w - 2 potions of attraction {unknown}
 z - a potion of berserk rage {unknown}
 G - 2 potions of ambrosia {unknown}
 L - a potion of magic {unknown}


   Skills:
 + Level 7.0 Fighting
 + Level 6.0 Maces & Flails
 + Level 7.1 Armour
 + Level 7.1 Shields
 + Level 4.8 Spellcasting
 + Level 5.7 Conjurations
 + Level 4.8 Hexes
 + Level 1.8 Invocations


You had 14 spell levels left.
You knew the following spells:

 Your Spells              Type           Power      Damage    Failure   Level
a - Dazzling Flash        Conj/Hex       28%        N/A       11%         3
b - Slow                  Hex            52%        N/A       4%          1

Your spell library contained the following spells:

 Spells                   Type           Power      Damage    Failure   Level
 Confusing Touch          Hex            13%        N/A       13%         3
 Gell's Gravitas          Tloc           2%         N/A       67%         3
 Teleport Other           Tloc           2%         N/A       67%         3
 Vampiric Draining        Necr           2%         2d6       67%         3
 Silence                  Hex/Air        3%         N/A       97%         5
 Agony                    Necr           2%         N/A       100%        5
 Dispersal                Tloc           1%         N/A       100%        6


Dungeon Overview and Level Annotations

Branches:
Dungeon (8/15)             Temple (1/1) D:7
   Lair: D:8-11

Altars:
Ashenzari
Cheibriados
Dithmenos
Elyvilon
Fedhas
Gozag
Hepliaklqana
Makhleb
Nemelex Xobeh
Okawaru
Qazlal
Ru
Sif Muna
Trog
Uskayaw
Vehumet
Wu Jian
Xom
Yredelemnul
Zin
The Shining One

Shops:
D:3 (

Annotations:
D:3 1 runed translucent door, GrayStillPlays's ghost, amateur MfFi


Innate Abilities, Weirdness & Mutations

You are immune to sickness and miasma.
Your stone body is resilient. (AC +7)
You are immune to poison.
You resist negative energy. (rN+)
You are resistant to electric shocks. (rElec)
You are resistant to unholy torment.
You are immune to petrification.


Message History

The skeletal warrior hits you but does no damage.
The skeletal warrior hits you with a +0 short sword.
You hit the skeletal warrior.
The skeletal warrior is almost destroyed.
The skeletal warrior closely misses you.
The skeletal warrior hits you but does no damage.
You hit the skeletal warrior.
You destroy the skeletal warrior!
Zin accepts your kill. The skeletal warrior barely misses you.
Your Fighting skill increases to level 7!
Your Maces & Flails skill increases to level 6!
The skeletal warrior hits you but does no damage.
You climb upwards.
There is a stone staircase leading down here.
Casting: Slow (safe; 4% risk of failure)
Confirm with . or Enter, or press ? or * to list all spells.
Aiming: Slow (safe; 4% risk of failure)
Press: ? - help, Shift-Dir - straight line, f - skeletal warrior
Aim: a skeletal warrior, wielding a +0 short sword (chance to affect: 2%)
The skeletal warrior resists with almost no effort.
The skeletal warrior hits you with a +0 short sword!
* * * LOW HITPOINT WARNING * * *
Casting: Slow (safe; 4% risk of failure)
Confirm with . or Enter, or press ? or * to list all spells.
Aiming: Slow (safe; 4% risk of failure)
Press: ? - help, Shift-Dir - straight line, f/p - skeletal warrior
Aim: a skeletal warrior, wielding a +0 short sword (chance to affect: 2%)
Okay, then.
Okay, then.
Casting: Slow (safe; 4% risk of failure)
Confirm with . or Enter, or press ? or * to list all spells.
Okay, then.
Unknown command.
Casting: Slow (safe; 4% risk of failure)
Confirm with . or Enter, or press ? or * to list all spells.
Okay, then.
You feel yourself speed up.
The skeletal warrior hits you with a +0 short sword!
You die...

## ##########
.############ #z.......#
............# #@######.#
..#.#######.# #.# #.#
.###.# #.####.######.#
..#.#######...........#.#
##................###.#.#
###############...# #.#.#
###### ##### #.#.#
...#.################.#.#
....#...................#


You could see a skeletal warrior.

Vanquished Creatures
  A skeletal warrior (D:8)
  Prince Ribbit (D:5)
  3 steam dragons (D:7)
  4 water moccasins
  An orc warrior (D:7)
  7 necrophages
  3 ogres
  A centaur (D:6)
  2 phantoms
  3 kobold brigands
  A scorpion (D:4)
  6 bullfrogs
  A water moccasin zombie (D:6)
  2 howler monkeys (D:7)
  An electric eel (D:7)
  3 wights (D:6)
  3 centaur skeletons
  5 hounds
  2 jellies
  2 centaur zombies
  2 iguanas
  3 orc priests (D:7)
  2 bullfrog skeletons
  Jessica (D:3)
  Natasha (thrice) (D:4)
  An orc wizard (D:7)
  A hound skeleton (D:4)
  Robin (D:4)
  2 howler monkey zombies (D:8)
  5 gnolls
  7 adders
  2 river rats (D:3)
  A shadow imp (D:6)
  3 white imps
  An adder skeleton (D:4)
  A dart slug (D:2)
  5 worms
  8 orcs
  5 bats
  5 endoplasms
  A giant cockroach (D:3)
  14 goblins
  11 hobgoblins
  8 jackals
  6 quokkas
  10 ball pythons
  4 frilled lizards
  10 kobolds
  7 rats
182 creatures vanquished.

Vanquished Creatures (others)
  A gnoll (D:7)
  A quokka (D:5)
  A withered plant (D:8)
3 creatures vanquished.

Grand Total: 185 creatures vanquished

Notes
Turn   | Place    | Note
-------+----------+-------------------------------------------
     0 | D:1      | a3don the Gargoyle Fighter began the quest for the Orb.
     0 | D:1      | Reached XP level 1. HP: 14/14 MP: 1/1
   132 | D:1      | Reached XP level 2. HP: 17/19 MP: 2/2
   725 | D:1      | Reached XP level 3. HP: 11/23 MP: 3/3
  1752 | D:2      | Reached XP level 4. HP: 29/29 MP: 4/4
  1790 | D:2      | Identified the +3 leather armour of Jupla {Str+5}
  2643 | D:3      | Found Laboitob's Weapon Boutique.
  2676 | D:3      | Found a faded altar of an unknown god.
  2907 | D:3      | Noticed Jessica
  2909 | D:3      | Killed Jessica
  2910 | D:3      | Reached XP level 5. HP: 33/33 MP: 6/6
  2962 | D:3      | Found a runed translucent door.
  2973 | D:3      | Noticed GrayStillPlays's ghost (amateur MfFi)
  2992 | D:3      | Found a runed translucent door.
  3047 | D:3      | Reached skill level 1 in Spellcasting
  3047 | D:3      | Reached skill level 1 in Conjurations
  3389 | D:4      | Reached skill level 1 in Hexes
  3429 | D:4      | Reached XP level 6. HP: 30/38 MP: 6/8
  3536 | D:4      | Noticed Natasha
  3554 | D:4      | Killed Natasha
  3803 | D:4      | Noticed Natasha
  3811 | D:4      | Killed Natasha
  4308 | D:4      | Noticed Natasha
  4321 | D:4      | Killed Natasha
  4322 | D:4      | Reached XP level 7. HP: 25/44 MP: 9/9
  4617 | D:4      | Noticed Robin
  4625 | D:4      | Killed Robin
  4904 | D:4      | Learned a level 3 spell: Dazzling Flash
  5182 | D:5      | Entered Level 5 of the Dungeon
  5226 | D:5      | Reached skill level 5 in Armour
  5288 | D:5      | Reached skill level 5 in Shields
  5368 | D:5      | Reached skill level 5 in Fighting
  5368 | D:5      | Reached XP level 8. HP: 32/49 MP: 11/11
  5502 | D:5      | Noticed Prince Ribbit
  5542 | D:5      | Killed Prince Ribbit
  5777 | D:5      | Learned a level 1 spell: Slow
  5848 | D:5      | Found a white marble altar of Elyvilon.
  6515 | D:6      | Reached XP level 9. HP: 45/55 MP: 9/14
  6576 | D:6      | Found a broken altar of Ashenzari.
  7158 | D:7      | Reached skill level 5 in Maces & Flails
  7604 | D:7      | Found a staircase to the Ecumenical Temple.
  7623 | Temple   | Entered the Ecumenical Temple
  7835 | Temple   | Became a worshipper of Zin the Law-Giver
  7835 | Temple   | Reached * piety under Zin
  7836 | Temple   | Donated 172 gold pieces to Zin
  7839 | Temple   | Reached ** piety under Zin
  8099 | D:7      | Reached skill level 5 in Conjurations
  8432 | D:7      | Reached XP level 10. HP: 61/61 MP: 16/16
  9300 | D:8      | Reached skill level 1 in Invocations
  9465 | D:8      | Noticed a skeletal warrior
  9466 | D:8      | Noticed a skeletal warrior
  9501 | D:8      | Killed a skeletal warrior
  9505 | D:7      | Slain by a skeletal warrior

Illustrated notes

Levels and vault maps discovered:
D:1:      dpeg_arrival_shrine, layout_loops_ring
D:2:      layout_loops_ring, chequers_serial_rivers_large_a
D:3:      layout_rooms, basic_ecumenical_altar, ebering_ghost_sewer_f,
          serial_shops, nicolae_shop_behind_doors, kennysheep_jessica_study
D:4:      layout_gridville, uniq_robin, uniq_natasha
D:5:      layout_cave_pools, elyvilon_altar_4, uniq_prince_ribbit1
D:6:      layout_cave_pods, nicolae_ashenzari_skybound
D:7:      layout_loops_ring, minmay_temple_entry_water_ring,
          amcnicky_mini_pool_medium
D:8:      layout_rooms, nicolae_kikubaaqudgha_miasma_corner, serial_undead,
          serial_undead_b, serial_undead_d, serial_undead_c, serial_undead_e,
          serial_undead_d, serial_undead_f
Temple:   mainiacjoe_temple_bowtie_tessellation

Skill      XL: |  1  2  3  4  5  6  7  8  9 10 |
---------------+-------------------------------+-----
Armour         | 4 5 6 7 |  7.1
Fighting       | 4 5 6 7 |  7.0
Shields        | 4 5 6 7 |  7.1
Spellcasting   | 1 2 3 4 |  4.8
Conjurations   | 1 2 3 4 5 |  5.7
Maces & Flails | 3 4 5 6 |  6.0
Hexes          | 1 2 3 4 |  4.8
Invocations    | 1 |  1.8

Action                   |  1- 3 |  4- 6 |  7- 9 | 10-12 || total
-------------------------+-------+-------+-------+-------++-------
Melee: Flail             |   114 |   142 |   361 |   111 ||   728
Throw: Dart              |       |     1 |    10 |     1 ||    12
       Boomerang         |       |       |       |     6 ||     6
 Cast: Dazzling Flash    |       |       |     2 |     6 ||     8
       Slow              |       |       |    10 |    12 ||    22
Invok: Donate Gold       |       |       |     1 |       ||     1
Evoke: Wand              |       |     2 |    18 |       ||    20
  Use: Potion            |       |     2 |     3 |     1 ||     6
       Scroll            |       |       |     2 |       ||     2
 Stab: Invisible         |       |       |     1 |     2 ||     3
Armor: Scale mail        |    89 |     2 |       |       ||    91
       Leather armour    |       |    95 |   242 |    59 ||   396
Dodge: Dodged            |    62 |    79 |   203 |    58 ||   402
Block: Buckler           |    32 |    24 |    94 |    22 ||   172
